 Dungeon Crawl Stone Soup version 0.28.0-43-g3370ac3207 (webtiles) character file.

Game seed: 10075118900898771551

1775 CryoSword the Conjurer (level 8, -2/67 HPs)
             Began as a Demigod Conjurer on Mar 13, 2022.
             Killed from afar by Maggie (21 damage)
             ... with a bolt of fire
             ... on level 6 of the Dungeon.
             The game lasted 00:19:02 (7427 turns).

CryoSword the Conjurer (Demigod Conjurer)           Turns: 7427, Time: 00:19:04

Health: -2/67      AC:  3    Str: 12    XL:     8   Next: 51%
Magic:  5/17       EV: 14    Int: 24    God:
Gold:   108        SH:  5    Dex: 18    Spells: 3/13 levels left

rFire   . . .      SeeInvis .   n - +0 whip (elec)
rCold   . . .      Faith    .   (no shield)
rNeg    . . .      Spirit   .   r - +0 robe
rPois   .          Reflect  +   (no helmet)
rElec   .          Harm     .   (no cloak)
rCorr   .          Rampage  .   a - +0 pair of gloves
Will    .....                   (no boots)
Stlth   +++.......              d - amulet of reflection
HPRegen 0.21/turn               i - +6 ring of dexterity
MPRegen 0.15/turn               (no ring)

@: mesmerised
A: high MP 2, forlorn, divine attributes, noise suppression
a: no special abilities


You were on level 6 of the Dungeon.
You visited 1 branch of the dungeon, and saw 6 of its levels.
You also visited: Sewer.

You collected 231 gold pieces.
You spent 123 gold pieces at shops.

Inventory:

Hand Weapons
 n - a +0 whip of electrocution (weapon)
   (You took it off a kobold in a sewer)
Missiles
 e - 42 poisoned darts (quivered)
 j - 3 curare-tipped darts
Armour
 a - a +0 pair of gloves (worn)
   (You found it on level 3 of the Dungeon)
 r - a +0 robe (worn)
   (You took it off Sigmund on level 4 of the Dungeon)
Jewellery
 d - an amulet of reflection (around neck)
   (You found it on level 3 of the Dungeon)
 i - a +6 ring of dexterity (left hand)
   (You took it off a hobgoblin on level 2 of the Dungeon)
Scrolls
 f - a scroll of fog {unknown}
 h - a scroll of blinking {unknown}
 k - a scroll of fear
 l - a scroll of enchant weapon
 s - a scroll of identify {@r1}
 t - a scroll of immolation {unknown}
Potions
 b - a potion of lignification {unknown}
 c - 4 potions of brilliance {unknown}
 g - a potion of heal wounds {@q2}
 m - a potion of might {unknown}
 o - 2 potions of haste {@q3}
 p - 2 potions of resistance
 q - a potion of curing {unknown}
 u - a potion of flight {unknown}


   Skills:
 + Level 4.3 Fighting
 + Level 4.8 Dodging
 - Level 4.0 Stealth
 - Level 3.0 Spellcasting
 * Level 7.5 Conjurations
 + Level 1.8 Earth Magic


You had 3 spell levels left.
You knew the following spells:

 Your Spells              Type           Power      Damage    Failure   Level
a - Magic Dart            Conj           100%       1d8       1%          1
b - Searing Ray           Conj           78%        2d7       1%          2
c - Stone Arrow           Conj/Erth      52%        3d10      4%          3
d - Fulminant Prism       Conj/Hex       10%        3d9       22%         4

Your spell library contained the following spells:

 Spells                   Type           Power      Damage    Failure   Level
 Shock                    Conj/Air       84%        1d8       2%          1
 Sandblast                Erth           24%        2d8       4%          1
 Dazzling Flash           Conj/Hex       42%        N/A       7%          3
 Slow                     Hex            12%        N/A       11%         1
 Passwall                 Tmut/Erth      6%         N/A       11%         2
 Corpse Rot               Necr/Air       6%         N/A       16%         2
 Poisonous Vapours        Pois/Air       6%         N/A       16%         2
 Confusing Touch          Hex            3%         N/A       32%         3
 Gell's Gravitas          Tloc           3%         N/A       32%         3
 Inner Flame              Hex/Fire       3%         N/A       32%         3
 Swiftness                Air            3%         N/A       32%         3
 Teleport Other           Tloc           3%         N/A       32%         3
 Vampiric Draining        Necr           3%         2d6       32%         3
 Iskenderun's Mystic Bla  Conj/Tloc      21%        2d6       22%         4
 Airstrike                Air            1%         N/A       71%         4
 Cause Fear               Hex            1%         N/A       71%         4
 Dispersal                Tloc           1%         N/A       100%        6
 Discord                  Hex            1%         N/A       100%        8


Dungeon Overview and Level Annotations

Branches:
Dungeon (6/15)             Temple (0/1) D:4           Sewer (visited)

Shops:
D:4 *

Annotations:
D:6 Maggie


Innate Abilities, Weirdness & Mutations

You have a considerably increased reservoir of magic. (+20% MP)
You shall have no god before yourself.
Your divine heritage dramatically boosts your attributes as you level up.
You passively dampen the noise of your surroundings.


Message History

(Press . to maintain the ray.)
The searing ray hits the white imp!
You kill the white imp!
Found 7 bolts.
You now have 67 gold pieces (gained 5).
e - 42 poisoned darts (gained 4)
A black bear comes into view.
Found 13 gold pieces.
Aim: a black bear (asleep, 100% to hit)
The magic dart hits the black bear.
The black bear growls angrily.
Aim: a black bear (100% to hit)
The magic dart hits the black bear.
Aim: a black bear (moderately wounded, 100% to hit)
The magic dart hits the black bear.
Aim: a black bear (moderately wounded, 100% to hit)
You miscast Magic Dart.
You are very lightly contaminated with residual magic.
Nothing appears to happen.
Aim: a black bear (moderately wounded, 86% to hit)
The searing ray misses the black bear. (Press . to maintain the ray.)
The searing ray hits the black bear!
The searing ray hits the black bear.
The searing ray hits the black bear.
You kill the black bear!
You finish channelling your searing ray.
Your magical contamination has completely faded away.
You see here a black bear corpse.
There is an escape hatch in the ceiling here.
You now have 86 gold pieces (gained 19).
You now have 99 gold pieces (gained 13).
You see here a black bear corpse.
You now have 108 gold pieces (gained 9).
Found a stone staircase leading down.
There is a stone staircase leading down here.
You see here 7 bolts.
Found a stone staircase leading up.
An adder comes into view.
Aim: an adder (asleep, 100% to hit)
The magic dart hits the adder.
The adder hisses angrily.
Unknown command.
Aim: an adder (lightly wounded, 68% to hit)
The searing ray hits the adder! (Press . to maintain the ray.)
The adder closely misses you.
The searing ray misses the adder.
You block the adder's attack.
You barely miss the adder. The adder misses you.
You closely miss the adder. The adder bites you. The adder misses you.
You hit the adder.
You kill the adder!
You start resting.
There is a stone staircase leading up here.
There is a stone staircase leading up here.
There is an escape hatch in the floor here.
You see here a +0 leather armour.
There is a stone staircase leading down here.
A centaur comes into view.
The centaur shouts!
A centaur is nearby!
Aim: a centaur, quivering arrows (100% to hit)
The magic dart hits the centaur.
The centaur wields a +0 shortbow.
The centaur shoots an arrow.
The arrow closely misses you.
The centaur shoots an arrow.
The arrow hits you!
Aim: a centaur, wielding a +0 shortbow and quivering arrows (lightly wounded, 88% to hit)
The searing ray hits the centaur! (Press . to maintain the ray.)
The centaur shoots an arrow.
The arrow hits you.
The searing ray hits the centaur!
The centaur shoots an arrow.
The arrow closely misses you.
The searing ray hits the centaur.
You kill the centaur!
Things that are here:
a +0 shortbow; 24 arrows; a centaur corpse Could not explore, unopened door.
You open the door.
Found a shadowy altar of Dithmenos and a stormy altar of Qazlal.
There is an open door here.
There is an open door here.
A gnoll comes into view. It is wielding a +0 spear.
The gnoll shouts!
You hear a shout!
A gnoll sergeant comes into view. It is wielding a +0 trident.
Aim: a gnoll, wielding a +0 spear (100% to hit)
The magic dart hits the gnoll but does no damage.
Aim: a gnoll, wielding a +0 spear (100% to hit)
The magic dart hits the gnoll but does no damage.
Aim: a gnoll sergeant, wielding a +0 trident and wearing a +0 ring mail (100% to hit)
The magic dart hits the gnoll sergeant.
A gnoll comes into view. It is wielding a +0 whip.
Aim: a gnoll sergeant, wielding a +0 trident and wearing a +0 ring mail (moderately wounded, 86% to hit)
The searing ray hits the gnoll sergeant! (Press . to maintain the ray.)
The searing ray misses the gnoll.
The searing ray hits the gnoll sergeant.
The searing ray hits the gnoll sergeant!
You kill the gnoll sergeant!
Restarting spell: Searing Ray (safe; 1% risk of failure)
Aim: a gnoll, wielding a +0 spear (83% to hit)
The searing ray hits the gnoll! x2
You kill the gnoll! (Press . to maintain the ray.)
The searing ray hits the gnoll!
You kill the gnoll!
Items here: )) [ ††.
Things that are here:
a +0 whip; a gnoll corpse
Things that are here:
a +0 whip; a gnoll corpse
Items here: )) [ ††.
Partly explored, can't reach some places.
Partly explored, can't reach some places.
Really walk into a travel-excluded area?
Maggie shouts!
Unknown command.
Unknown command.
Aim: Maggie, wielding a +0 morningstar and wearing +0 acid dragon scales (81% to hit)
The searing ray hits Maggie! (Press . to maintain the ray.) Maggie gestures wildly while chanting.
Maggie attempts to bespell you!
You are mesmerised by Maggie!
The searing ray hits Maggie.
The searing ray misses Maggie.
The searing ray hits Maggie.
You finish channelling your searing ray.
Maggie hits you with a +0 morningstar!!
Aim: Maggie, wielding a +0 morningstar and wearing +0 acid dragon scales (lightly wounded, mesmerising, 81% to hit)
The searing ray hits Maggie. (Press . to maintain the ray.) Maggie misses you.
The searing ray hits Maggie.
Maggie says, "Leave now, and tell all of Margery's mercy!"
You block Maggie's attack.
The searing ray misses Maggie.
Maggie hits you with a +0 morningstar!!
* * * LOW HITPOINT WARNING * * *
The searing ray hits Maggie.
You finish channelling your searing ray.
Maggie gestures at you while chanting. The bolt of fire misses you.
Aim: Maggie, wielding a +0 morningstar and wearing +0 acid dragon scales (moderately wounded, mesmerising, 81% to hit)
The searing ray hits Maggie! (Press . to maintain the ray.) Maggie hits you with a +0 morningstar!
* * * LOW HITPOINT WARNING * * *
The searing ray misses Maggie.
Maggie says, "Fear not.
I will immortalize you in the tale of my first kill."
Maggie points at you and mumbles some strange words.
The bolt of fire hits you!!
You die...

...##....###..###...#
...##....# ##.###...#
...##....#
#..##...###
...##....#
##.#......#
...##....# #.#......#
...##....# #........#
#####....# ##.##.####
#....# #..#.# #....#
##@#.#
#######....@.....#
#..........#
#..........#
#..........#
#...)......#
#..........#
#..........# #..


You could see Maggie (mesmerising).

Vanquished Creatures
  Sigmund (D:4)
  A sky beast (D:5)
  2 ogres
  A black bear (D:6)
  A centaur (D:6)
  4 kobold brigands (Sewer)
  3 scorpions
  A bullfrog (D:6)
  A gnoll sergeant (D:6)
  A water moccasin skeleton (D:4)
  A bullfrog zombie (D:5)
  4 hounds
  A jelly (D:5)
  A centaur skeleton (D:6)
  Jessica (D:2)
  An iguana (D:5)
  An orc wizard (D:3)
  A hound skeleton (D:5)
  A howler monkey zombie (D:5)
  7 gnolls
  6 adders
  A white imp (D:6)
  An adder zombie (D:3)
  An adder skeleton (D:2)
  A worm (D:3)
  3 dart slugs
  6 orcs
  9 bats
  An endoplasm (Sewer)
  3 giant cockroaches
  6 hobgoblins
  4 jackals (D:3)
  3 quokkas
  6 ball pythons
  2 frilled lizards (D:2)
  9 goblins
  19 kobolds
  7 rats
123 creatures vanquished.

Vanquished Creatures (others)
  A fungus (Sewer)
  5 plants (Sewer)
6 creatures vanquished.

Grand Total: 129 creatures vanquished

Notes
Turn   | Place    | Note
-------+----------+-------------------------------------------
     0 | D:1      | CryoSword the Demigod Conjurer began the quest for the Orb.
     0 | D:1      | Reached XP level 1. HP: 14/14 MP: 5/5
   835 | D:2      | Reached XP level 2. HP: 22/22 MP: 1/7
   838 | D:2      | Learned a level 2 spell: Searing Ray
  1329 | D:2      | Reached skill level 4 in Conjurations
  1394 | D:2      | Noticed Jessica
  1407 | D:2      | Killed Jessica
  1408 | D:2      | Reached skill level 1 in Fighting
  1408 | D:2      | Reached XP level 3. HP: 13/28 MP: 2/8
  2123 | D:3      | Gained mutation: Your muscles are strong. (Str +2) [potion
                  | of mutation]
  2123 | D:3      | Lost mutation: Your muscles are strong. (Str +2) [potion of
                  | mutation]
  2123 | D:3      | Gained mutation: You have a considerably increased
                  | reservoir of magic. (+20% MP) [potion of mutation]
  2123 | D:3      | Gained mutation: You passively dampen the noise of your
                  | surroundings. [potion of mutation]
  2240 | D:3      | Reached XP level 4. HP: 24/35 MP: 2/9
  2313 | D:3      | Noticed an ogre
  2355 | D:3      | Killed an ogre
  2356 | D:3      | Reached XP level 5. HP: 11/41 MP: 1/11
  2437 | D:3      | Found a glowing drain.
  2456 | Sewer    | Entered a sewer
  2613 | Sewer    | Reached skill level 5 in Conjurations
  3115 | Sewer    | Reached XP level 6. HP: 36/49 MP: 7/12
  3639 | D:3      | You fall into a shaft and drop 3 floors!
  3648 | D:6      | Noticed Maggie
  3665 | D:5      | Entered Level 5 of the Dungeon
  4557 | D:4      | Found Dogikka's Assorted Antiques.
  4584 | D:4      | Bought a scroll labelled MOCEOZ LERRUF for 22 gold pieces
  4584 | D:4      | Bought a green potion for 19 gold pieces
  4584 | D:4      | Bought a scroll of identify for 44 gold pieces
  4584 | D:4      | Bought a yellow potion for 19 gold pieces
  4584 | D:4      | Bought a purple potion for 19 gold pieces
  4663 | D:4      | Noticed Sigmund
  4672 | D:4      | Killed Sigmund
  4673 | D:4      | Reached skill level 6 in Conjurations
  4673 | D:4      | Reached XP level 7. HP: 48/57 MP: 4/14
  5048 | D:4      | Found a staircase to the Ecumenical Temple.
  6051 | D:5      | Reached XP level 8. HP: 40/66 MP: 7/16
  6178 | D:5      | Learned a level 3 spell: Stone Arrow
  6183 | D:5      | Learned a level 4 spell: Fulminant Prism
  6594 | D:6      | Reached skill level 7 in Conjurations
  6626 | D:6      | Reached skill level 1 in Earth Magic
  7427 | D:6      | Killed from afar by Maggie

Illustrated notes

Levels and vault maps discovered:
D:1:      ncdulo_halloftheorcs, layout_basic, ebering_ecumenical_altar_box
D:2:      layout_loops_ring, basic_altar, uniq_jessica
D:3:      layout_loops_cross, cheibrodos_sewer_entry_drain
D:4:      layout_gridville, minmay_temple_entry_enclosed_plants, serial_shops,
          shop, hangedman_decor_points, uniq_sigmund
D:5:      layout_basic
D:6:      layout_basic, gammafunk_temple_overflow_elements, uniq_maggie

Skill      XL: |  1  2  3  4  5  6  7  8 |
---------------+-------------------------+-----
Stealth        | 2 3 4 |  4.0
Dodging        | 2 3 4 |  4.8
Conjurations   | 4 5 6 7 |  7.5
Fighting       | 1 2 3 4 |  4.3
Spellcasting   | 2 3 |  3.0
Earth Magic    | 1 |  1.8

Action                   |  1- 3 |  4- 6 |  7- 9 || total
-------------------------+-------+-------+-------++-------
Melee: Unarmed           |     3 |       |       ||     3
       Dagger            |    24 |    12 |       ||    36
       Whip              |       |     9 |     3 ||    12
Throw: Dart              |     3 |     2 |       ||     5
 Cast: Magic Dart        |    50 |    73 |    44 ||   167
       Searing Ray       |     4 |    20 |    33 ||    57
  Use: Scroll            |     3 |     6 |       ||     9
       Potion            |     1 |     3 |       ||     4
 Stab: Sleeping          |     2 |       |       ||     2
Armor: Robe              |     6 |    15 |     1 ||    22
Dodge: Dodged            |    27 |    44 |    21 ||    92
Block: Other             |       |     7 |     6 ||    13
       Reflection        |       |     1 |       ||     1
